| TOP OF THE 1ST |
|
Colorado (EL) Rockies batting - Pitching for Altoona Curve : RHP Derek White
|
|
Pitching: RHP Derek White
|
|
|
Batting: RHB Kian-tat Chen
|
0-0: Foul Ball, location: 2F 0-1: Ball 1-1: Foul Ball, location: 2F 1-2: Fly out, F7 (Flyball, 78M, EV 88.1 MPH)
|
|
Batting: SHB Jon Munoz
|
0-0: Ball 1-0: Ball 2-0: Called Strike 2-1: Foul Ball, location: 2F 2-2: Foul Ball, location: 2F 2-2: Strikes out swinging
|
|
Batting: LHB Eric Ludwig
|
0-0: Ground out 4-3 (Groundball, 4, EV 107.5 MPH)
|
| Top of the 1st over - 0 runs, 0 hits, 0 errors, 0 left on base; Colorado (EL) 0 - Altoona 0 |
| BOTTOM OF THE 1ST |
|
Altoona Curve batting - Pitching for Colorado (EL) Rockies : RHP Jeremy Richards
|
|
Pitching: RHP Jeremy Richards
|
|
|
Batting: LHB Jesse Henly
|
0-0: Ball 1-0: Ball 2-0: Called Strike 2-1: Called Strike 2-2: Ground out 5-3 (Groundball, 5, EV 106.3 MPH)
|
|
Batting: RHB Nelson Ozuna
|
0-0: Called Strike 0-1: Fly out, F7 (Line Drive, 7, EV 92.5 MPH)
|
|
Batting: SHB Trevor Weareorwear
|
0-0: Ball 1-0: Called Strike 1-1: Called Strike 1-2: Fly out, F8 (Flyball, 89M, EV 79.4 MPH)
|
| Bottom of the 1st over - 0 runs, 0 hits, 0 errors, 0 left on base; Colorado (EL) 0 - Altoona 0 |
| TOP OF THE 2ND |
|
Colorado (EL) Rockies batting - Pitching for Altoona Curve : RHP Derek White
|
|
Batting: RHB Nick Rang
|
0-0: Called Strike 0-1: Swinging Strike 0-2: Reached on error, E1 (Groundball, 15S, EV 76.3 MPH)
|
|
Batting: LHB Dave Doughty
|
0-0: Called Strike 0-1: Ball 1-1: Ball 2-1: Ball 3-1: Called Strike 3-2: Base on Balls Nick Rang to second
|
|
Batting: LHB Elijah Black
|
0-0: Ball 1-0: Called Strike 1-1: Called Strike 1-2: Foul Ball, location: 2F 1-2: Grounds into double play, 4-6-3 (Groundball, 4, EV 87.5 MPH) Nick Rang to third
|
|
Batting: RHB Justin Pellman
|
0-0: Ball 1-0: Ball 2-0: DOUBLE (Line Drive, 5D, EV 95.6 MPH) Nick Rang scores
|
|
Batting: RHB Eduardo Camacho
|
0-0: Called Strike 0-1: Ball 1-1: Swinging Strike 1-2: Strikes out swinging
|
| Top of the 2nd over - 1 run, 1 hit, 1 error, 1 left on base; Colorado (EL) 1 - Altoona 0 |
| BOTTOM OF THE 2ND |
|
Altoona Curve batting - Pitching for Colorado (EL) Rockies : RHP Jeremy Richards
|
|
Batting: RHB Terry Sutherland
|
0-0: Ball 1-0: Ball 2-0: Ball 3-0: Called Strike 3-1: Called Strike 3-2: Foul Ball, location: 2F 3-2: Ground out 5-3 (Groundball, 56S, EV 69.4 MPH)
|
|
Batting: SHB Jerry Massey
|
0-0: Ball 1-0: Foul Ball, location: 2F 1-1: Ball 2-1: DOUBLE (Line Drive, 7LM, EV 107.5 MPH)
|
|
Pitching: RHP Ronnie DeVries
|
|
|
Batting: RHB Killian Jones
|
0-0: Ball 1-0: Called Strike 1-1: Fly out, F6 (Flyball, 6D, EV 76.3 MPH)
|
|
Batting: RHB Pedro Criollo
|
0-0: Called Strike 0-1: Foul Ball, location: 2F Balk! Jerry Massey to third 0-2: Ground out U3 (Groundball, 3L, EV 81.9 MPH)
|
| Bottom of the 2nd over - 0 runs, 1 hit, 0 errors, 1 left on base; Colorado (EL) 1 - Altoona 0 |
| TOP OF THE 3RD |
|
Colorado (EL) Rockies batting - Pitching for Altoona Curve : RHP Derek White
|
|
Batting: RHB Jerry Edmiston
|
0-0: Called Strike 0-1: Foul Ball, location: 2F 0-2: Ground out 2-3 (Groundball, 15S, EV 70.6 MPH)
|
|
Batting: RHB Kian-tat Chen
|
0-0: Ball 1-0: Ball 2-0: Called Strike 2-1: Ground out U3 (Groundball, 3, EV 88.8 MPH)
|
|
Batting: SHB Jon Munoz
|
0-0: Swinging Strike 0-1: Called Strike 0-2: Foul Ball, location: 2F 0-2: Strikes out swinging
|
| Top of the 3rd over - 0 runs, 0 hits, 0 errors, 0 left on base; Colorado (EL) 1 - Altoona 0 |
| BOTTOM OF THE 3RD |
|
Altoona Curve batting - Pitching for Colorado (EL) Rockies : RHP Ronnie DeVries
|
|
Batting: RHB Slamet Pamungkas
|
0-0: Ball 1-0: SOLO HOME RUN (Flyball, 89XD, EV 98.1 MPH), Distance : 405 ft
|
|
Batting: RHB Bahiyy al Din bin Mamdouh
|
0-0: Ball 1-0: Fly out, F7 (Line Drive, 7, EV 108.1 MPH)
|
|
Batting: LHB Jesse Henly
|
0-0: Ball 1-0: Swinging Strike 1-1: Ball 2-1: Foul Ball, location: 2F 2-2: Ball 3-2: Fly out, F7 (Flyball, 78M, EV 88.8 MPH)
|
|
Batting: RHB Nelson Ozuna
|
0-0: Called Strike 0-1: Swinging Strike 0-2: Strikes out swinging
|
| Bottom of the 3rd over - 1 run, 1 hit, 0 errors, 0 left on base; Colorado (EL) 1 - Altoona 1 |
| TOP OF THE 4TH |
|
Colorado (EL) Rockies batting - Pitching for Altoona Curve : RHP Derek White
|
|
Batting: LHB Eric Ludwig
|
0-0: Called Strike 0-1: Ground out 5-3 (Groundball, 5, EV 79.4 MPH)
|
|
Batting: RHB Nick Rang
|
0-0: Ball 1-0: Ball 2-0: Ball 3-0: Base on Balls
|
|
Batting: LHB Dave Doughty
|
0-0: Ball 1-0: Ball 2-0: Ball 3-0: Base on Balls Nick Rang to second
|
|
Batting: LHB Elijah Black
|
0-0: Ball 1-0: Ball 2-0: Called Strike 2-1: Fielders Choice at 2nd, 5-4 (Groundball, 56S, EV 90.0 MPH) Nick Rang to third
|
|
Batting: RHB Justin Pellman
|
0-0: Ball 1-0: Foul Ball, location: 2F 1-1: Foul Ball, location: 2F 1-2: Fly out, F8 (Flyball, 8RD, EV 79.4 MPH)
|
| Top of the 4th over - 0 runs, 0 hits, 0 errors, 2 left on base; Colorado (EL) 1 - Altoona 1 |
| BOTTOM OF THE 4TH |
|
Altoona Curve batting - Pitching for Colorado (EL) Rockies : RHP Ronnie DeVries
|
|
Batting: SHB Trevor Weareorwear
|
0-0: Ball 1-0: Ball 2-0: Foul Ball, location: 2F 2-1: Called Strike 2-2: Foul Ball, location: 2F 2-2: Strikes out looking
|
|
Batting: RHB Terry Sutherland
|
0-0: Ball 1-0: Foul Ball, location: 2F 1-1: Fly out, F7 (Flyball, 78D, EV 93.8 MPH)
|
|
Batting: SHB Jerry Massey
|
0-0: Ball 1-0: SINGLE (Flyball, 8RS, EV 98.1 MPH)
|
|
Batting: RHB Killian Jones
|
0-0: Called Strike 0-1: Swinging Strike 0-2: Foul Ball, location: 2F 0-2: Strikes out looking
|
| Bottom of the 4th over - 0 runs, 1 hit, 0 errors, 1 left on base; Colorado (EL) 1 - Altoona 1 |
| TOP OF THE 5TH |
|
Colorado (EL) Rockies batting - Pitching for Altoona Curve : RHP Derek White
|
|
Batting: RHB Eduardo Camacho
|
0-0: Ball 1-0: Foul Ball, location: 2F 1-1: Foul Ball, location: 2F 1-2: Strikes out swinging, 2-3 out at first.
|
|
Batting: RHB Jerry Edmiston
|
0-0: Called Strike 0-1: Ball 1-1: Ball 2-1: Swinging Strike 2-2: Ball 3-2: Fly out, F7 (Flyball, 7S, EV 91.9 MPH)
|
|
Batting: RHB Kian-tat Chen
|
0-0: Called Strike 0-1: Ball 1-1: Swinging Strike 1-2: Strikes out swinging
|
| Top of the 5th over - 0 runs, 0 hits, 0 errors, 0 left on base; Colorado (EL) 1 - Altoona 1 |
| BOTTOM OF THE 5TH |
|
Altoona Curve batting - Pitching for Colorado (EL) Rockies : RHP Ronnie DeVries
|
|
Batting: RHB Pedro Criollo
|
0-0: Ball 1-0: Foul Ball, location: 2F 1-1: Called Strike 1-2: SINGLE (Groundball, 56D, EV 100.0 MPH)
|
|
Batting: RHB Slamet Pamungkas
|
0-0: Ball 1-0: Foul Ball, location: 2F 1-1: Called Strike 1-2: Ball 2-2: Ball 3-2: Strikes out swinging
|
|
Batting: RHB Bahiyy al Din bin Mamdouh
|
0-0: Ground out 6-3 (Groundball, 6D, EV 100.6 MPH) Pedro Criollo to second
|
|
Batting: LHB Jesse Henly
|
0-0: Ball 1-0: Foul Ball, location: 2F 1-1: Called Strike 1-2: Ball 2-2: Foul Ball, location: 2F 2-2: Ball 3-2: Base on Balls
|
|
Batting: RHB Nelson Ozuna
|
0-0: Foul Ball, location: 2F 0-1: Ball 1-1: Called Strike 1-2: Strikes out swinging
|
| Bottom of the 5th over - 0 runs, 1 hit, 0 errors, 2 left on base; Colorado (EL) 1 - Altoona 1 |
| TOP OF THE 6TH |
|
Colorado (EL) Rockies batting - Pitching for Altoona Curve : RHP Derek White
|
|
Batting: SHB Jon Munoz
|
0-0: Ball 1-0: Called Strike 1-1: Swinging Strike 1-2: Ball 2-2: Hit by Pitch
|
|
Pitching: RHP Bobby Marble
|
|
|
Batting: LHB Eric Ludwig
|
0-0: Foul Ball, location: 2F 0-1: Ball Jon Munoz steals 2nd base 1-1: Ball 2-1: Ball 3-1: Called Strike 3-2: Base on Balls
|
|
Batting: RHB Nick Rang
|
0-0: Ball 1-0: Ball 2-0: Ball Jon Munoz steals 3rd base Eric Ludwig to second 3-0: Foul Ball, location: 2F 3-1: Ground out 6-3 (Groundball, 6M, EV 108.8 MPH) Jon Munoz scores Eric Ludwig to third
|
|
Batting: LHB Dave Doughty
|
0-0: Foul Ball, location: 2F 0-1: Ball 1-1: Ground out U3 (Groundball, 3, EV 88.1 MPH)
|
|
Batting: LHB Elijah Black
|
0-0: Foul Ball, location: 2F 0-1: Swinging Strike 0-2: Strikes out looking
|
| Top of the 6th over - 1 run, 0 hits, 0 errors, 1 left on base; Colorado (EL) 2 - Altoona 1 |
| BOTTOM OF THE 6TH |
|
Altoona Curve batting - Pitching for Colorado (EL) Rockies : RHP Ronnie DeVries
|
|
Pitching: LHP Rich Byrd
|
|
|
Batting: SHB Trevor Weareorwear
|
0-0: Ball 1-0: Foul Ball, location: 2F 1-1: Foul Ball, location: 2F 1-2: Ball 2-2: Foul Ball, location: 2F 2-2: Foul Ball, location: 2F 2-2: Fly out, F6 (Popup, 6M, EV 74.4 MPH)
|
|
Batting: RHB Terry Sutherland
|
0-0: Called Strike 0-1: Called Strike 0-2: Fly out, F6 (Popup, 6S, EV 77.5 MPH)
|
|
Batting: SHB Jerry Massey
|
0-0: Fly out, F7 (Flyball, 78S, EV 85.6 MPH)
|
| Bottom of the 6th over - 0 runs, 0 hits, 0 errors, 0 left on base; Colorado (EL) 2 - Altoona 1 |
| TOP OF THE 7TH |
|
Colorado (EL) Rockies batting - Pitching for Altoona Curve : RHP Bobby Marble
|
|
Pitching: RHP Justin West
|
|
|
Batting: RHB Justin Pellman
|
0-0: Called Strike 0-1: Fly out, F8 (Flyball, 8LD, EV 98.8 MPH)
|
|
Batting: RHB Eduardo Camacho
|
0-0: DOUBLE (Line Drive, 89XD, EV 111.3 MPH)
|
|
Batting: RHB Jerry Edmiston
|
0-0: Ground out 6-3 (Groundball, 56, EV 105.0 MPH)
|
|
Batting: RHB Kian-tat Chen
|
0-0: Ball 1-0: Called Strike 1-1: Called Strike 1-2: Ball 2-2: Ball 3-2: Fly out, F8 (Flyball, 78D, EV 101.3 MPH)
|
| Top of the 7th over - 0 runs, 1 hit, 0 errors, 1 left on base; Colorado (EL) 2 - Altoona 1 |
| BOTTOM OF THE 7TH |
|
Altoona Curve batting - Pitching for Colorado (EL) Rockies : LHP Rich Byrd
|
|
Batting: RHB Killian Jones
|
0-0: Ball 1-0: Called Strike 1-1: DOUBLE (Flyball, 7LD, EV 96.3 MPH)
|
|
Batting: RHB Pedro Criollo
|
0-0: Ball 1-0: Foul Ball, location: 2F 1-1: Swinging Strike 1-2: Strikes out swinging
|
|
Batting: RHB Slamet Pamungkas
|
0-0: Ground out 6-3 (Groundball, 6, EV 88.1 MPH)
|
|
Batting: RHB Bahiyy al Din bin Mamdouh
|
0-0: Ball 1-0: Foul Ball, location: 2F 1-1: Foul Ball, location: 2F 1-2: Ball 2-2: Ground out U3 (Groundball, 34, EV 76.9 MPH)
|
| Bottom of the 7th over - 0 runs, 1 hit, 0 errors, 1 left on base; Colorado (EL) 2 - Altoona 1 |
| TOP OF THE 8TH |
|
Colorado (EL) Rockies batting - Pitching for Altoona Curve : RHP Justin West
|
|
Batting: SHB Jon Munoz
|
0-0: Ball 1-0: Ball 2-0: Swinging Strike 2-1: Swinging Strike 2-2: Strikes out swinging
|
|
Batting: LHB Eric Ludwig
|
0-0: Foul Ball, location: 2F 0-1: Ball 1-1: Called Strike 1-2: Ball 2-2: Strikes out swinging
|
|
Batting: RHB Nick Rang
|
0-0: Ball 1-0: Called Strike 1-1: Foul Ball, location: 2F 1-2: Ball 2-2: Fly out, F7 (Flyball, 78M, EV 87.5 MPH)
|
| Top of the 8th over - 0 runs, 0 hits, 0 errors, 0 left on base; Colorado (EL) 2 - Altoona 1 |
| BOTTOM OF THE 8TH |
|
Altoona Curve batting - Pitching for Colorado (EL) Rockies : LHP Rich Byrd
|
|
Now at C: Eduardo Camacho
|
|
|
Now at 1B: Matt Fabre
|
|
|
Now in LF: Matt Wheaton
|
|
|
Batting: LHB Jesse Henly
|
0-0: Ball 1-0: Swinging Strike 1-1: Ball 2-1: Ball 3-1: Called Strike 3-2: Strikes out swinging
|
|
Batting: RHB Nelson Ozuna
|
0-0: Ball 1-0: Foul Ball, location: 2F 1-1: Ground out 6-3 (Groundball, 6, EV 108.8 MPH)
|
|
Batting: SHB Trevor Weareorwear
|
0-0: Ball 1-0: Ball 2-0: Ball 3-0: Base on Balls
|
|
Batting: RHB Terry Sutherland
|
0-0: Ball 1-0: Ball 2-0: Called Strike 2-1: Foul Ball, location: 2F 2-2: Strikes out swinging
|
| Bottom of the 8th over - 0 runs, 0 hits, 0 errors, 1 left on base; Colorado (EL) 2 - Altoona 1 |
| TOP OF THE 9TH |
|
Colorado (EL) Rockies batting - Pitching for Altoona Curve : RHP Justin West
|
|
Pitching: LHP Jimmy Vanthournoutingtonle
|
|
|
Batting: LHB Dave Doughty
|
0-0: Swinging Strike 0-1: Swinging Strike 0-2: SINGLE (Groundball, 6S, EV 66.9 MPH) (infield hit)
|
|
Pinch Hitting: RHB John Michener
|
0-0: Sac Bunt to 15S - play at first, batter OUT! 1-4 Dave Doughty to second
|
|
Batting: RHB Justin Pellman
|
0-0: Swinging Strike 0-1: Foul Ball, location: 2F 0-2: Strikes out swinging
|
|
Batting: RHB Eduardo Camacho
|
0-0: Called Strike 0-1: Ball 1-1: Ball 2-1: Ground out 6-3 (Groundball, 6, EV 92.5 MPH)
|
| Top of the 9th over - 0 runs, 1 hit, 0 errors, 1 left on base; Colorado (EL) 2 - Altoona 1 |
| BOTTOM OF THE 9TH |
|
Altoona Curve batting - Pitching for Colorado (EL) Rockies : LHP Rich Byrd
|
|
Pitching: RHP Terry Huffmaster
|
|
|
Now at 1B: John Michener
|
|
|
Now at 3B: Matt Fabre
|
|
|
Batting: SHB Jerry Massey
|
0-0: Foul Ball, location: 2F 0-1: Called Strike 0-2: Strikes out swinging
|
|
Batting: RHB Killian Jones
|
0-0: Called Strike 0-1: Ball 1-1: Swinging Strike 1-2: Strikes out swinging
|
|
Batting: RHB Pedro Criollo
|
0-0: Called Strike 0-1: Ground out 6-3 (Groundball, 6, EV 91.3 MPH)
|
| Bottom of the 9th over - 0 runs, 0 hits, 0 errors, 0 left on base; Colorado (EL) 2 - Altoona 1 |
|